 Dungeon Crawl Stone Soup version 0.28-a0-863-g8cecda6153 (webtiles) character file.

Game seed: 16105604818809710268

354221 namelastname112 the Warrior (level 21, 172/193 HPs)
             Began as a Red Draconian Brigand on Feb 24, 2021.
             Was an Initiate of Gozag.
             Quit the game on level 2 of the Vaults on Nov 18, 2021.
             The game lasted 02:01:24 (71601 turns).

namelastname112 the Warrior (DrBr)                 Turns: 71601, Time: 02:01:25

Health: 172/193    AC: 24    Str: 26    XL:     21   Next: 35%
Magic:  36/36      EV: 26    Int: 20    God:    Gozag
Gold:   1282       SH: 13    Dex: 25    Spells: 31/42 levels left

rFire   + + +      SeeInvis +   F - +5 dagger (elec)
rCold   + . .      Faith    .   K - +2 buckler {reflect}
rNeg    . . .      Spirit   .   (armour unavailable)
rPois   .          Reflect  +   t - +2 hat {Int+3}
rElec   .          Harm     .   I - +2 cloak {Will+}
rCorr   .          Rampage  .   U - +2 pair of gloves {Dex+3}
Will    ++...                   O - +4 pair of boots of Stoicism {rF+ Regen+}
Stlth   ++++++++..              R - amulet "Joomned" {Reflect Int+3 SH+5 Stlth+}
HPRegen 1.42/turn               Q - ring of Untruth {Str+5 SInv}
MPRegen 0.25/turn               q - ring of Nesuwk {rF+ rC+ Str+6 Dex+3}

@: gold aura
A: breathe fire, AC +11, unfitting armour, fire resistance 1, cold-blooded
}: 2/15 runes: barnacled, gossamer
a: Breathe Fire, Renounce Religion, Potion Petition, Call Merchant, Bribe Branch


You were on level 2 of the Vaults.
You worshipped Gozag.
Gozag was most pleased with you.
You visited 8 branches of the dungeon, and saw 37 of its levels.
You also visited: Ossuary and Wizlab.

You collected 17373 gold pieces.
You spent 2308 gold pieces at shops.
You paid 13783 gold pieces to Gozag.

Inventory:

Hand Weapons
 F - a +5 dagger of electrocution (weapon)
Missiles
 c - 112 poisoned darts
 d - 15 curare-tipped darts
 j - 12 throwing nets
 M - 61 javelins
 T - 24 atropa-tipped darts (quivered)
Armour
 p - the +4 moon troll leather armour {Spirit, Regen++ MP+5}
   (You took it off a moon troll in a wizard's laboratory)

   MP:        It affects your magic capacity (+5).
   Regen:     It increases your rate of health regeneration.
 t - a +2 hat of intelligence (worn)
 I - a +2 cloak of willpower (worn)
 K - a +2 buckler of reflection (worn)
 O - the +4 pair of boots of Stoicism (worn) {rF+ Regen+}
   (You bought it in a shop on level 2 of the Orcish Mines)

   rF:        It protects you from fire.
   Regen:     It increases your rate of health regeneration.
 U - a +2 pair of gloves of dexterity (worn)
Jewellery
 a - a ring of protection from cold
 l - the ring "Taar" {Fly Will+ Dex+4}
   (You found it on level 14 of the Dungeon)

   [ring of flight]

   Dex:       It affects your dexterity (+4).
   Fly:       It grants you flight.
   Will:      It increases your willpower.
 n - the amulet "Netwaxe" {rN+ Regen+}
   (You found it in a wizard's laboratory)

   [amulet of regeneration]

   rN:        It protects you from negative energy.
   Regen:     It increases your rate of health regeneration.
 o - an amulet of guardian spirit
 q - the ring of Nesuwk (right hand) {rF+ rC+ Str+6 Dex+3}
   (You found it in a wizard's laboratory)

   [ring of strength]

   Str:       It affects your strength (+6).
   Dex:       It affects your dexterity (+3).
   rF:        It protects you from fire.
   rC:        It protects you from cold.
 G - a ring of resist corrosion
 P - the ring "Ereggure" {Fly rF+}
   (You found it on level 14 of the Dungeon)

   [ring of flight]

   rF:        It protects you from fire.
   Fly:       It grants you flight.
 Q - the ring of Untruth (left hand) {Str+5 SInv}
   (You found it on level 14 of the Dungeon)

   [ring of see invisible]

   Str:       It affects your strength (+5).
   SInv:      It lets you see invisible.
 R - the amulet "Joomned" (around neck) {Reflect Int+3 SH+5 Stlth+}
   (You found it on level 14 of the Dungeon)

   [amulet of reflection]

   It reflects blocked missile attacks.
   Int:       It affects your intelligence (+3).
   SH:        It affects your SH (+5).
   Stlth:     It makes you more stealthy.
Wands
 w - a wand of mindburst (72)
 D - a wand of digging (21)
 E - a wand of iceblast (14)
 V - a wand of paralysis (9)
Scrolls
 b - 5 scrolls of magic mapping
 g - 12 scrolls of teleportation
 i - 23 scrolls of identify
 m - 3 scrolls of blinking
 x - 7 scrolls of fog
 y - 2 scrolls of immolation
 A - 10 scrolls of enchant armour
 H - a scroll of brand weapon
 J - 10 scrolls of amnesia
 S - a scroll of summoning
 Z - 5 scrolls of fear
Potions
 e - 2 potions of berserk rage
 f - 5 potions of might
 h - 4 potions of haste
 k - a potion of invisibility
 r - 6 potions of ambrosia
 u - 6 potions of flight
 v - 13 potions of curing
 z - 7 potions of brilliance
 B - 3 potions of magic
 C - 5 potions of cancellation
 L - 2 potions of heal wounds
 X - 3 potions of resistance


   Skills:
 + Level 17.8 Fighting
 + Level 16.4 Short Blades
 + Level 15.2 Throwing
 + Level 15.1 Dodging
 + Level 16.7 Stealth
 - Level 4.3 Shields
 - Level 11.3 Spellcasting
 - Level 11.4 Hexes


You had 31 spell levels left.
You knew the following spells:

 Your Spells              Type           Power      Damage    Failure   Level
a - Invisibility          Hex            27%        N/A       9%          6
e - Silence               Hex/Air        17%        N/A       16%         5

Your spell library contained the following spells:

 Spells                   Type           Power      Damage    Failure   Level
 Corona                   Hex            54%        N/A       1%          1
 Slow                     Hex            100%       N/A       1%          1
 Ensorcelled Hibernation  Hex/Ice        68%        N/A       1%          2
 Confusing Touch          Hex            54%        N/A       1%          3
 Inner Flame              Hex/Fire       34%        N/A       1%          3
 Portal Projectile        Hex/Tloc       68%        N/A       1%          3
 Summon Guardian Golem    Hex/Summ       34%        N/A       1%          3
 Cause Fear               Hex            27%        N/A       1%          4
 Animate Skeleton         Necr           22%        N/A       6%          1
 Apportation              Tloc           22%        N/A       6%          1
 Beastly Appendage        Tmut           22%        N/A       6%          1
 Freeze                   Ice            44%        1d6       6%          1
 Pain                     Necr           44%        1d6       6%          1
 Summon Small Mammal      Summ           44%        N/A       6%          1
 Leda's Liquefaction      Hex/Erth       17%        N/A       6%          4
 Blink                    Tloc           22%        N/A       9%          2
 Corpse Rot               Necr/Air       22%        N/A       9%          2
 Passwall                 Tmut/Erth      9%         N/A       9%          2
 Poisonous Vapours        Pois/Air       22%        N/A       9%          2
 Sublimation of Blood     Necr           11%        N/A       9%          2
 Wereblood                Tmut           11%        N/A       9%          2
 Metabolic Englaciation   Hex/Ice        17%        N/A       16%         5
 Summon Mana Viper        Hex/Summ       34%        N/A       16%         5
 Yara's Violent Unravell  Hex/Tmut       17%        3d8       16%         5
 Frozen Ramparts          Ice            22%        1d4       19%         3
 Gell's Gravitas          Tloc           11%        N/A       19%         3
 Ignite Poison            Fire/Tmut/Pois 11%        N/A       19%         3
 Lesser Beckoning         Tloc           11%        N/A       19%         3
 Mephitic Cloud           Conj/Pois/Air  11%        N/A       19%         3
 Ozocubu's Armour         Ice            11%        N/A       19%         3
 Spider Form              Tmut/Pois      11%        N/A       19%         3
 Stone Arrow              Conj/Erth      22%        3d8       19%         3
 Swiftness                Air            11%        N/A       19%         3
 Teleport Other           Tloc           11%        N/A       19%         3
 Dispel Undead            Necr           11%        3d9       52%         4
 Hailstorm                Conj/Ice       11%        3d5       52%         4
 Ice Form                 Ice/Tmut       11%        N/A       52%         4
 Passage of Golubria      Tloc           11%        N/A       52%         4
 Petrify                  Tmut/Erth      11%        N/A       52%         4
 Summon Ice Beast         Ice/Summ       11%        N/A       52%         4
 Summon Lightning Spire   Summ/Air       11%        N/A       52%         4
 Agony                    Necr           11%        N/A       86%         5
 Alistair's Intoxication  Tmut/Pois      7%         N/A       86%         5
 Bolt of Magma            Conj/Fire/Erth 5%         4d5       86%         5
 Borgnjor's Vile Clutch   Necr/Erth      5%         N/A       86%         5
 Excruciating Wounds      Necr           5%         N/A       86%         5
 Fireball                 Conj/Fire      5%         3d5       86%         5
 Freezing Cloud           Conj/Ice/Air   5%         6-21      86%         5
 Irradiate                Conj/Tmut      5%         3d15      86%         5
 Lee's Rapid Deconstruct  Erth           5%         3d7*      86%         5
 Manifold Assault         Tloc           11%        N/A       86%         5
 Summon Forest            Summ/Tloc      5%         N/A       86%         5
 Discord                  Hex            27%        N/A       98%         8
 Eringya's Noxious Bog    Tmut/Pois      5%         N/A       100%        6
 Iron Shot                Conj/Erth      5%         9d2       100%        6
 Shadow Creatures         Summ           N/A        N/A       100%        6
 Starburst                Conj/Fire      5%         6d4       100%        6
 Statue Form              Tmut/Erth      7%         N/A       100%        6
 Haunt                    Necr/Summ      5%         N/A       100%        7
 Malign Gateway           Summ/Tloc      5%         N/A       100%        7
 Monstrous Menagerie      Summ           5%         N/A       100%        7
 Summon Hydra             Summ           5%         N/A       100%        7
 Ignition                 Fire           5%         3d4       100%        8
 Lehudib's Crystal Spear  Conj/Erth      5%         10d3      100%        8
 Maxwell's Capacitive Co  Air            5%         ∞         100%        8
 Summon Horrible Things   Summ           5%         N/A       100%        8
 Chain Lightning          Conj/Air       5%         3d7       100%        9
 Fire Storm               Conj/Fire      5%         8d2       100%        9
 Shatter                  Erth           5%         3d8*      100%        9
 Animate Armour           Summ/Erth      Unusable   N/A       N/A         4

Dungeon Overview and Level Annotations

Branches:
Dungeon (15/15)            Temple (1/1) D:7            Lair (6/6) D:10
 Shoals (4/4) Lair:2       Spider (4/4) Lair:2        Slime (0/5) Lair:6
    Orc (2/2) D:10            Elf (3/3) Orc:2        Vaults (2/5) D:14
 Depths (0/5) D:15        Ossuary (visited)          WizLab (visited)
  Crypt: Vaults:2-3

Altars:
Ashenzari
Cheibriados
Dithmenos
Elyvilon
Fedhas
Gozag
Kikubaaqudgha
Makhleb
Nemelex Xobeh
Okawaru
Qazlal
Ru
Sif Muna
Trog
Uskayaw
Vehumet
Xom
Yredelemnul
Zin
The Shining One
Beogh

Shops:
D:9 :   D:11 (   D:13 (   D:15 (   Orc:2 [*[=[:!!(*[   Elf:3 [   Lair:1 (
Lair:2 [   Shoals:1 [   Shoals:4 [   Vaults:1 (

Annotations:
D:15 2 transporters, sixsigma's ghost, adept GnCj
Lair:5 2 transporters
Shoals:3 exclusion: oklob plant
Elf:2 2 runed translucent doors


Innate Abilities, Weirdness & Mutations

You can breathe blasts of fire.
Your fiery red scales are hard. (AC +11)
You cannot fit into any form of body armour.
Your flesh is heat resistant. (rF+)
You are cold-blooded and may be slowed by cold attacks.


Message History

You spit the ironbound preserver like a pig!
The ironbound preserver is no longer distracted by gold!
You tail-slap the ironbound preserver, but do no damage!
The ironbound preserver is severely wounded!
You barely miss the ironbound preserver!
The ironbound preserver is severely wounded!
The ironbound preserver hits you with a +0 flail!!!
You take 15 damage, and have 170/193 hp!
You perforate the ironbound preserver like a sieve!
Lightning courses through the ironbound preserver!!!
You tail-slap the ironbound preserver, but do no damage!
The ironbound preserver is almost dead!
You skewer the ironbound preserver like a kebab!
You tail-slap the ironbound preserver, but do no damage!
The ironbound preserver is almost dead!
The ironbound preserver hits you with a +0 flail!!!
You take 12 damage, and have 159/193 hp!
You spit the ironbound preserver like a pig!
Lightning courses through the ironbound preserver!!!!!!
You annihilate the ironbound preserver!!!
You now have 1209 gold pieces (gained 7)!
Things that are here:
a +0 flail; a +0 ring mail You regained 2 hp, and now have 162/193 hp!
You now have 1261 gold pieces (gained 52)!
There is an open door, spattered with blood here!
You regained 3 hp, and now have 165/193 hp!
You now have 1282 gold pieces (gained 21)!
You regained 3 hp, and now have 168/193 hp!
Okay, then!
Unknown command!
There is an open door, spattered with blood here!
You regained 2 hp, and now have 170/193 hp!
Things that are here:
a +0 flail; a +0 ring mail Saving game!!! please wait!
Welcome back, namelastname112 the Red Draconian Brigand!
Gozag says: Greed is good!
Press ? for a list of commands and other information!
Are you sure you want to abandon this character and quit the game? (Confirm with "yes"!)

########
#......########
########....<.#.....!.
#.....)#......#.......
#....@['......#.......
#......#.[...('.......
#......#......#.......
#......########.......
#......# #####'####+
#......# #..........
#......# #..........
#......# #..........
######## #..#'####..


There were no monsters in sight!

Vanquished Creatures
  Nikola (Spider:2)
  Arachne (Spider:2)
  A moon troll (WizLab)
  Jorgrun (Orc:2)
  A titan (Shoals:1)
  2 deep elf blademasters (Elf:3)
  2 deep elf master archers (Elf:3)
  6 tentacled starspawn (WizLab)
  2 krakens
  Kirke (D:13)
  Donald (Orc:2)
  Agnes (Spider:4)
  Ilsuiw (Shoals:4)
  A fire giant (D:13)
  2 frost giants
  An orc warlord (Orc:2)
  2 ghost moths (Spider:4)
  12 emperor scorpions
  8 deep elf sorcerers
  A cacodemon (WizLab)
  Aizul (Shoals:2)
  3 deep elf elementalists (Elf:3)
  Louise (Elf:2)
  8 very ugly things (WizLab)
  2 war gargoyles (WizLab)
  9 stone giants
  A starcursed mass (WizLab)
  5 deep elf demonologists
  3 entropy weavers
  7 deep elf annihilators
  Azrael (Spider:2)
  5 merfolk javelineers
  A crystal guardian (WizLab)
  A dire elephant (Lair:6)
  A fire dragon (D:14)
  An ettin (Orc:1)
  2 ironbound preservers (Vaults:2)
  3 merfolk impalers (Shoals:4)
  9 deep elf death magi
  3 deep elf high priests
  A rakshasa (D:13)
  6 great orbs of eyes (WizLab)
  12 hydras
  17 boulder beetles
  2 yaktaur captains (Vaults:1)
  Harold (D:10)
  4 vault guards
  3 ogre magi
  4 catoblepae
  A merfolk avatar (Shoals:1)
  11 centaur warriors
  A satyr (Shoals:4)
  14 two-headed ogres
  Erica (Orc:1)
  5 alligator snapping turtles
  9 merfolk aquamancers
  4 death yaks
  7 orc high priests
  A tengu warrior (D:14)
  13 deep elf knights
  Sonja (Orc:1)
  2 fire crabs
  5 skeletal warriors
  5 glowing orange brains (WizLab)
  5 deep trolls
  An orange crystal statue (WizLab)
  16 sea snakes
  2 unseen horrors
  A flayed ghost (D:14)
  17 deep elf archers
  3 ironbound convokers (Vaults:1)
  3 wizards
  2 lindwurms (Lair:6)
  13 harpies
  25 wolf spiders
  A phantasmal warrior (D:13)
  A wolf spider zombie (D:15)
  27 deep elf pyromancers
  9 orc knights
  27 deep elf zephyrmancers
  12 orb spiders
  16 manticores
  17 cyclopes
  3 oklob plants
  5 orc sorcerers
  8 fauns
  18 ugly things
  A centaur zombie (D:14)
  4 moths of wrath
  19 elephants
  A black mamba (shapeshifter) (Elf:2)
  3 vault sentinels (Vaults:1)
  9 merfolk sirens
  Maurice (D:13)
  A naga mage (D:14)
  6 torpor snails
  3 centaur skeletons (D:14)
  Maggie (Lair:2)
  4 gargoyles
  7 water nymphs
  2 black mambas
  12 cane toads
  5 eyes of devastation (WizLab)
  A rime drake (shapeshifter) (Elf:1)
  4 kobold demonologists
  A yaktaur (Vaults:1)
  4 rime drakes
  9 komodo dragons
  7 demonic crawlers
  A tengu conjurer (D:15)
  6 trolls
  10 wind drakes
  25 jumping spiders
  A meliai (shapeshifter) (Vaults:1)
  4 tyrant leeches (Spider:3)
  2 polar bears
  18 merfolk
  8 hornets
  17 slime creatures
  14 blink frogs
  16 snapping turtles
  Prince Ribbit (D:7)
  10 dream sheep
  A human simulacrum (Vaults:1)
  2 shadows
  69 redbacks
  18 water elementals
  6 air elementals
  18 tarantellas
  5 wraiths
  A tarantella (shapeshifter) (Vaults:1)
  43 yaks
  4 golden eyes (WizLab)
  2 vampires
  7 fire elementals
  6 hogs (D:13)
  8 wyverns
  Grum (D:9)
  8 basilisks
  A neqoxec (WizLab)
  2 steam dragons
  4 vampire mosquitoes
  A removed soldier ant (D:12)
  A large abomination (Elf:1)
  3 wargs (Orc:2)
  14 water moccasins
  2 acid dragons
  A hell hound (Spider:2)
  Duvessa (D:7)
  2 ice beasts
  2 black bears
  47 orc warriors
  6 sky beasts
  A black bear (shapeshifter) (D:13)
  24 ogres
  2 removed eyes of draining
  6 boggarts
  19 wolves
  17 centaurs
  6 phantoms
  3 elf zombies (Elf:1)
  23 bullfrogs
  3 kobold brigands
  2 gnoll sergeants
  4 earth elementals
  Dowan (D:7)
  2 wyvern skeletons
  A water moccasin skeleton (D:8)
  3 scorpions
  An orc simulacrum (Vaults:1)
  14 killer bees
  20 wights
  A howler monkey (D:4)
  5 electric eels
  A bullfrog zombie (D:11)
  A quasit (D:9)
  7 jellies
  31 orc priests
  3 bullfrog skeletons
  7 hounds
  3 iguanas
  21 orc wizards
  11 removed worker ants
  2 hound zombies
  8 mummies (Ossuary)
  A removed worker ant zombie (D:6)
  12 gnolls
  8 adders
  4 shadow imps
  5 white imps
  2 ufetubi
  An endoplasm (D:5)
  2 worm zombies (D:5)
  2 adder zombies
  2 adder skeletons
  3 worms
  3 dart slugs
  95 orcs
  5 removed leopard geckos
  2 giant cockroaches
  13 goblins
  9 hobgoblins
  15 jackals
  5 quokkas
  2 ball pythons
  3 bats
  3 frilled lizards
  4 hobgoblin zombies (Ossuary)
  A jackal skeleton (D:8)
  14 kobolds
  2 kobold zombies (Ossuary)
  2 orc zombies (Ossuary)
  2 quokka zombies
  6 rats
  5 starspawn tentacles (WizLab)
  5 tentacles
1492 creatures vanquished.

Vanquished Creatures (others)
  17 dancing weapons
  A satyr (Shoals:4)
  A merfolk aquamancer (Shoals:4)
  3 deep elf knights
  A deep elf pyromancer (Elf:1)
  A deep elf zephyrmancer (Vaults:2)
  A manticore (Lair:6)
  A naga mage (D:15)
  A boggart (Vaults:1)
  5 demonic plants (WizLab)
  37 fungi
  113 plants
  21 starspawn tentacles (WizLab)
  26 tentacles
229 creatures vanquished.

Grand Total: 1721 creatures vanquished

Notes
Turn   | Place    | Note
-------+----------+-------------------------------------------
     0 | D:1      | namelastname112 the Draconian Brigand began the quest for
                  | the Orb.
     0 | D:1      | Reached XP level 1. HP: 17/17 MP: 1/1
    35 | D:1      | Reached skill level 1 in Dodging
   322 | D:1      | Reached XP level 2. HP: 25/25 MP: 2/2
  1060 | D:2      | Reached XP level 3. HP: 30/30 MP: 3/3
  1541 | D:2      | Reached XP level 4. HP: 32/37 MP: 4/4
  1902 | D:3      | Reached skill level 3 in Fighting
  2257 | D:3      | Reached XP level 5. HP: 43/45 MP: 5/5
  2693 | D:4      | Noticed a phantom
  2713 | D:4      | Killed a phantom
  2837 | D:4      | Reached XP level 6. HP: 52/52 MP: 6/6
  3726 | D:4      | Found a shimmering altar of Xom.
  3726 | D:4      | Found a hide-covered altar of Uskayaw.
  3992 | D:5      | Entered Level 5 of the Dungeon
  3999 | D:5      | Reached skill level 4 in Fighting
  4097 | D:5      | Found a hide-covered altar of Uskayaw.
  4176 | D:5      | Your scales start taking on a fiery red colour.
  4176 | D:5      | Reached XP level 7. HP: 17/59 MP: 7/7
  4176 | D:5      | Gained mutation: Your flesh is heat resistant. (rF+) [Red
                  | Draconian growth]
  4249 | D:5      | HP: 4/88 [centaur (2)]
  4252 | D:5      | Reached skill level 5 in Stealth
  4314 | D:5      | Found a white marble altar of Elyvilon.
  4323 | D:5      | Found a basalt altar of Yredelemnul.
  4325 | D:5      | Found a glowing golden altar of the Shining One.
  4366 | D:5      | Found a sand-covered staircase.
  4379 | Ossuary  | Entered an ossuary
  5202 | D:5      | Found a broken altar of Ashenzari.
  5204 | D:5      | Found an iron altar of Okawaru.
  5205 | D:5      | Found a sacrificial altar of Ru.
  5531 | D:6      | Reached skill level 5 in Fighting
  5541 | D:6      | Reached XP level 8. HP: 27/67 MP: 8/8
  5996 | D:6      | You fall into a shaft and drop 2 floors!
  6077 | D:7      | Found a staircase to the Ecumenical Temple.
  6083 | D:7      | Noticed Prince Ribbit
  6098 | D:7      | Killed Prince Ribbit
  6099 | D:7      | Reached skill level 5 in Short Blades
  6107 | Temple   | Entered the Ecumenical Temple
  6396 | Temple   | Became a worshipper of Gozag Ym Sagoz the Greedy
  6417 | D:7      | Noticed Dowan
  6799 | D:7      | Reached skill level 6 in Fighting
  6799 | D:7      | Reached skill level 5 in Throwing
  7188 | D:7      | Noticed Duvessa
  7205 | D:7      | Killed Duvessa
  7207 | D:7      | Killed Dowan
  7208 | D:7      | Reached XP level 9. HP: 58/72 MP: 9/9
  7967 | D:6      | Reached skill level 5 in Dodging
  8124 | D:6      | Found a glowing golden altar of the Shining One.
  9040 | D:8      | Reached skill level 7 in Fighting
  9459 | D:9      | Noticed a troll
  9485 | D:9      | Killed a troll
  9836 | D:9      | Reached XP level 10. HP: 75/86 MP: 10/10
  9957 | D:9      | Noticed Grum
  9973 | D:9      | Killed Grum
 11452 | D:10     | Entered Level 10 of the Dungeon
 11509 | D:9      | Reached skill level 8 in Fighting
 11999 | D:9      | Reached skill level 1 in Shields
 12910 | D:10     | Found a staircase to the Orcish Mines.
 13666 | D:9      | Reached XP level 11. HP: 74/95 MP: 11/11
 13827 | D:10     | Found a staircase to the Lair.
 13828 | D:10     | Noticed Harold
 13871 | D:10     | Killed Harold
 14301 | D:10     | Found a large runed translucent door.
 14301 | D:10     | Found a large runed translucent door.
 14750 | D:11     | Noticed a purple ugly thing
 14782 | D:11     | Killed a purple ugly thing
 14999 | D:11     | Reached skill level 9 in Fighting
 15636 | D:11     | Noticed a boulder beetle
 15654 | D:11     | Killed a boulder beetle
 17534 | D:12     | HP: 4/95 [cyclops/large rock (20)]
 17544 | D:12     | HP: 3/95 [bullfrog (7)]
 18508 | D:12     | Killed an unseen horror
 18509 | D:12     | Reached XP level 12. HP: 35/106 MP: 12/12
 19016 | D:12     | Noticed a two-headed ogre
 19037 | D:12     | Killed a two-headed ogre
 19107 | D:12     | Reached skill level 10 in Fighting
 19667 | D:12     | Noticed a two-headed ogre
 19685 | D:12     | Killed a two-headed ogre
 20001 | D:12     | Noticed a two-headed ogre
 20006 | D:12     | Killed a two-headed ogre
 20450 | D:12     | Reached skill level 10 in Short Blades
 20450 | D:12     | Reached skill level 10 in Stealth
 20450 | D:12     | Reached XP level 13. HP: 115/115 MP: 13/13
 20574 | D:13     | You fall into a shaft and drop 1 floor!
 21082 | D:14     | Reached skill level 11 in Fighting
 21454 | D:13     | Noticed a fire giant
 21481 | D:13     | Noticed a frost giant
 22486 | D:13     | Noticed Maurice
 22493 | D:13     | Killed Maurice
 23135 | D:13     | Killed a frost giant
 23556 | D:13     | Noticed Kirke
 23822 | D:13     | Reached XP level 14. HP: 122/124 MP: 14/14
 23899 | D:13     | Noticed a sphinx
 23905 | D:13     | Killed Kirke
 23906 | D:13     | Reached skill level 10 in Throwing
 24163 | D:13     | Killed a fire giant
 24533 | D:13     | Reached skill level 10 in Dodging
 25069 | D:14     | Found a burning altar of Makhleb.
 25800 | D:14     | Reached skill level 12 in Fighting
 26067 | D:14     | HP: 5/126 [vault guard/+1 bardiche of freezing (16)]
 27613 | D:14     | Found a gate to the Vaults.
 28635 | D:14     | Found a runed translucent door.
 28640 | D:14     | Found a runed translucent door.
 29248 | D:14     | Identified a warped tin ring
 29260 | D:14     | Identified a scintillating turquoise ring
 29441 | D:14     | Identified a coiled ivory ring
 29465 | D:14     | Identified a warped amethyst amulet
 29631 | D:15     | Entered Level 15 of the Dungeon
 29970 | Lair:1   | Entered Level 1 of the Lair of Beasts
 30058 | Lair:1   | Reached XP level 15. HP: 123/134 MP: 15/15
 31904 | Lair:2   | namelastname112: !lg * won dr list
 31904 | Lair:2   | beem: No keyword 'list'
 31904 | Lair:2   | namelastname112: !lg * won dr s=name
 31904 | Lair:2   | beem: 3954 games for * (won dr): 124x namelastname112, 93x
                  | Dynast, 38x Sharkman1231, 36x EthnicCake, 35x 78291, 31x
                  | koboldina, 29x Ge0ff, 29x Rubinko, 29x eeviac, 27x bmfx,
                  | 27x alcopop, 26x Yermak, 25x comborobin, 25x johnnyzero,
                  | 24x Lasty, 23x punpun, 23x Mekire, 19x nago, 18x booing,
                  | 18x JiyvaJigglypuff, 17x MrPlanck, 17x elliptic, 17x
                  | removeelyvilon, 15x shummie, 14x Torax, 14x grandjackal,
                  | 14x
 31904 | Lair:2   | beem: clouded, 13x CryingNoob, 13x Flugkiller, 13x beargit,
                  | 13x manman, 13x ololoev, 13x Angani, 13x EnegeticOcto, 13x
                  | WalkerBoh, 12x HilariousDeathArtist, 12x UglyThing, 12x
                  | Noname, 11x crate, 11x mibe, 11x Tenaya, 11x kuniqs, 11x
                  | pedant, 11x MorganLeah, 10x Sphara, 10x minmay, 10x
                  | aurelian, 10x Engine, 10x Squidcat, 10x MarvinPA, 9x anon,
                  | 9x Jeremie, 9x sakakibara80, 9x jeanjacques, 9x Tolias, 9x
 31904 | Lair:2   | beem: bmj180, 9x Surr, 9x NicuTudor, 9x RBrandon, 9x
                  | stickyfingers, 9x pblur, 9x iamserjio, 9x zkyp, 9x mikee,
                  | 9x rast, 9x p0werm0de, 9x Undo, 9x cosmonaut, 9x justnoob,
                  | 8x removemottled, 8x simm, 8x ebarrett, 8x Xolotl, 8x
                  | ParticlePhysics, 8x jumbajumba, 8x Medar, 8x gameguard, 8x
                  | HanwhaEagles, 8x irum, 8x Berder, 8x iafm, 8x Stabwound, 8x
                  | Muffindrake, 8x rgaf, 8x RepHenryClay, 8x Zooty, 8x
 31904 | Lair:2   | beem: wearedevo, 8x TheMeInTeam, 8x Placid, 7x Pac, 7x
                  | Charly, 7x Datul, 7x cojito, 7x mopl, 7x Faldahar, 7x
                  | fearitself, 7x MackTheKnife, 7x GordonOverkill, 7x DrKe, 7x
                  | Piginabag, 7x murphy, 7x n103509, 7x momplestiltskin, 7x
                  | Bart, 7x Gerad, 7x Basil, 7x BlackCaro, 7x tsouns, 7x
                  | magipi, 7x NormalPerson7, 6x OpKing, 6x Realz, 6x
                  | aperiodic, 6x Mulqof, 6x huldori, 6x vt, 6x Wahaha, 6x
                  | CabbageHands, 6x
 31904 | Lair:2   | beem: Tabstorm, 6x Sar, 6x tcjsavannah, 6x 4thArraOfDagon,
                  | 6x Kellhus, 6x ShadedKnight, 6x Pekkekk, 6x dying5ever, 6x
                  | Ecthelion, 6x eld, 6x emikaela, 6x TheOldMan, 6x
                  | prestonbroadus, 6x xyblor, 6x fourba, 6x McSplat, 6x Snack,
                  | 6x SnubMonkey, 6x ranchugoldfish, 6x gressup, 5x kswietli,
                  | 5x Lightli, 5x agentgt, 5x dilly, 5x wormsofcant, 5x
                  | pedritolo, 5x Brathek, 5x Doesnt, 5x gammafunk, 5x Laraso,
                  | 5x
 31904 | Lair:2   | beem: R18, 5x Dowan, 5x bluepin, 5x Xenophilius, 5x
                  | tigertrap, 5x BeardTony, 5x Airwolf, 5x gimp, 5x Acrobat,
                  | 5x asdu, 5x Oroborous, 5x teachmeimnoob, 5x
                  | LostInTranslocation, 5x Psyknux, 5x Croases, 5x threedog,
                  | 5x Forgeling, 5x oidap, 5x Modest, 5x odiv, 5x joy1999, 5x
                  | particleface, 5x mdonais, 4x xeno23, 4x elmdor, 4x
                  | DanceGodDanceKing, 4x Miyamura, 4x araganzar, 4x svendre,
                  | 4x nublet, 4x Crut, 4x
 31904 | Lair:2   | beem: Yunor, 4x doubtofbuddha, 4x dck, 4x katc13, 4x
                  | moonlapse, 4x theglow, 4x Mandevil, 4x arn, 4x blorx1, 4x
                  | DEFE, 4x InternetKraken, 4x watermold, 4x JRF, 4x ackack,
                  | 4x mungchungdo, 4x Demise, 4x Cheibrodos, 4x inmateoo, 4x
                  | tomatochips, 4x TacoSundae, 4x kryft, 4x vev, 4x casual, 4x
                  | Sysice, 4x Totori, 4x BerryKnight, 4x TittyCrusher, 4x
                  | Syrinius, 4x whw, 4x bazoo, 4x ldf, 4x MalcolmRose, 4x
                  | Roarke,
 31904 | Lair:2   | beem: 4x zzxc, 4x ggul009, 4x dstrtn, 4x vale, 4x Duffy, 4x
                  | Nattefrost, 4x Elfstar, 4x Pind, 4x DocEon, 4x Brannock, 4x
                  | n1000, 4x hyperelliptic, 4x hexaflexagon, 4x adozu, 4x
                  | hyperborean, 4x hyperbolic, 4x brae, 3x micr0chasm, 3x
                  | TheNoid, 3...
 31904 | Lair:2   | Upgraded the game from 0.27-a0-414-gbb19ded6d3 to
                  | 0.27-a0-417-g317cea8a3c
 32191 | Lair:2   | Found a hole to the Spider Nest.
 32228 | Lair:2   | Reached skill level 13 in Fighting
 32467 | Lair:2   | Found a snail-covered altar of Cheibriados.
 32671 | Lair:2   | Noticed Maggie
 32674 | Lair:2   | Killed Maggie
 32965 | Lair:2   | Found a staircase to the Shoals.
 33232 | Spider:1 | Entered Level 1 of the Spider Nest
 36384 | Lair:5   | Found a transporter.
 37294 | Lair:5   | Found a transporter.
 37482 | Lair:6   | Entered Level 6 of the Lair of Beasts
 37904 | Lair:6   | Found a staircase to the Slime Pits.
 38075 | Lair:6   | Upgraded the game from 0.27-a0-417-g317cea8a3c to
                  | 0.27-a0-562-g0d39f094a4
 38327 | Lair:6   | namelastname112: ??boots of the assasin
 38327 | Lair:6   | beem: I don't have a page labeled boots_of_the_assasin in
                  | my learndb.
 38327 | Lair:6   | namelastname112: ??boots of the assassin
 38327 | Lair:6   | beem: I don't have a page labeled boots_of_the_assassin in
                  | my learndb.
 38775 | Lair:6   | Reached XP level 16. HP: 68/145 MP: 16/16
 40074 | Lair:6   | Identified the +4 great mace of Dithmenos's Favour
                  | {distort, Will+ Dex+3}
 40537 | Orc:1    | Entered Level 1 of the Orcish Mines
 40569 | Orc:1    | Noticed Erica
 40594 | Orc:1    | Reached skill level 14 in Fighting
 40608 | Orc:1    | Killed Erica
 41074 | Orc:1    | Noticed Sonja
 41088 | Orc:1    | Killed Sonja
 41468 | Orc:1    | Found a transporter.
 41480 | Orc:1    | Found a transporter.
 42222 | Orc:1    | Identified the +0 pair of boots of the Nine Defenders {rC+
                  | Str+4}
 42316 | Orc:2    | Entered Level 2 of the Orcish Mines
 42347 | Orc:2    | Noticed Donald
 42357 | Orc:2    | Killed Donald
 42817 | Orc:2    | Identified the +6 scimitar "Huffyuwk" {vorpal, Will+
                  | Stlth+}
 43438 | Orc:2    | Found a staircase to the Elven Halls.
 43453 | Orc:2    | Found Diats's Distillery.
 43524 | Orc:2    | Found Garghaqib's Distillery.
 43691 | Orc:2    | Noticed Jorgrun
 43725 | Orc:2    | Killed Jorgrun
 45918 | Orc:1    | Learned a level 6 spell: Invisibility
 46603 | Orc:2    | Reached skill level 1 in Spellcasting
 46603 | Orc:2    | Reached skill level 1 in Hexes
 47067 | Orc:2    | Found Aje Ciba's Antique Armour Shop.
 47069 | Orc:2    | Found Roph's Armour Shop.
 47075 | Orc:2    | Bought a pair of spiked boots for 304 gold pieces
 47075 | Orc:2    | Identified the +4 pair of boots of Stoicism {rF+ Regen+}
                  | (You bought it in a shop on level 2 of the Orcish Mines)
 47125 | Orc:2    | Bought a +2 buckler of reflection for 296 gold pieces
 47224 | Orc:2    | Found Araimor's Antique Armour Boutique.
 47227 | Orc:2    | Found Iloisuxo's General Store.
 47230 | Orc:2    | Found Wouw's Jewellery Shop.
 47231 | Orc:2    | Found Zeick's Book Boutique.
 47816 | D:15     | Found a staircase to the Depths.
 48031 | D:15     | Found a transporter.
 48031 | D:15     | Noticed sixsigma's ghost (adept GnCj)
 48142 | D:15     | Found Foumiwof's Antique Weapon Boutique.
 48150 | D:15     | Found a transporter.
 48766 | Elf:1    | Entered Level 1 of the Elven Halls
 48777 | Orc:2    | Bought a glowing hat for 252 gold pieces
 49000 | Elf:1    | Reached XP level 17. HP: 154/154 MP: 23/23
 49158 | Elf:1    | Reached skill level 5 in Spellcasting
 49158 | Elf:1    | Reached skill level 5 in Hexes
 49983 | Spider:1 | You fall into a shaft and drop 1 floor!
 51249 | Spider:1 | Upgraded the game from 0.27-a0-562-g0d39f094a4 to
                  | 0.27-a0-1060-gcb85b5eba1
 51249 | Spider:1 | Upgraded the game from 0.27-a0-1060-gcb85b5eba1 to
                  | 0.27-a0-1149-g4505690ab0
 51449 | Spider:2 | Noticed Azrael
 51454 | Spider:2 | Killed Azrael
 51733 | Spider:2 | Noticed Arachne
 51742 | Spider:2 | Killed Arachne
 51978 | Spider:2 | Noticed Nikola
 51999 | Spider:2 | Killed Nikola
 54277 | Spider:3 | Reached XP level 18. HP: 161/161 MP: 31/31
 54816 | Elf:1    | Identified the Disquisition on Evil Rites
 55528 | Elf:2    | Identified the +0 tower shield "Sadysut" {Dex+2}
 55528 | Elf:2    | Noticed Louise
 55550 | Elf:2    | Killed Louise
 56012 | Elf:2    | Reached skill level 10 in Spellcasting
 56012 | Elf:2    | Reached skill level 10 in Hexes
 56076 | Elf:2    | Found a runed translucent door.
 56132 | Elf:2    | Found a runed translucent door.
 56643 | Orc:2    | Bought a book of Dreams for 1200 gold pieces
 56649 | Orc:2    | Learned a level 5 spell: Silence
 57208 | Elf:3    | Entered Level 3 of the Elven Halls
 57215 | Elf:3    | Found a magical portal.
 57224 | WizLab   | Entered Lehudib's Moon Base
 57264 | WizLab   | Found a transporter.
 57722 | WizLab   | namelastname112: ??lunar statue
 57722 | WizLab   | beem: I don't have a page labeled lunar_statue in my
                  | learndb.
 57722 | WizLab   | namelastname112: @??lunar_statue
 57722 | WizLab   | beem: unknown monster: "lunar_statue"
 57722 | WizLab   | namelastname112: @??lunarstatue
 57722 | WizLab   | beem: unknown monster: "lunarstatue"
 57722 | WizLab   | namelastname112: @??lunar statue
 57722 | WizLab   | beem: lunar statue (8)
                  | Spd: 10 (stationary)
                  | HD: 10
                  | | HP: 57-85
                  | AC/EV: 12/1
                  | non-living, see invisible,
                  | unbreathing, vault
                  | Res: will(invuln), fire++, cold++,
                  | elec, poison+++, drown, miasma, neg+++, torm
                  | XP: 726
                  | | Sp: brain feed [!sil], draining gaze [!sil], crystal spear
                  | (3d28) [!sil], shadow creatures [!sil]
                  | Sz: Large
                  | Int:
                  | human.
 57747 | WizLab   | HP: 2/126 [war gargoyle/+1 morningstar of draining[a lunar
                  | statue] (20)]
 58130 | WizLab   | Identified the amulet "Netwaxe" {rN+ Regen+}
 58217 | WizLab   | Reached skill level 15 in Fighting
 58764 | WizLab   | Reached XP level 19. HP: 157/167 MP: 29/33
 58815 | WizLab   | Found a transporter.
 59094 | WizLab   | Identified the ring of Nesuwk {rF+ rC+ Str+6 Dex+3}
 59240 | Elf:3    | Found Mudusor's Antique Armour Boutique.
 60483 | Elf:3    | Identified the +5 halberd of Egymos {speed, rF+ Str+6}
 60532 | Elf:3    | Noticed a Tzitzimitl
 60532 | Elf:3    | Noticed a Brimstone Fiend
 61022 | Elf:3    | Identified the +9 quarterstaff of Eye-covered Valiance
                  | {protect, rPois rC+ rN++ Dex-3}
 61274 | Elf:3    | Noticed a Tzitzimitl
 61587 | Elf:3    | Identified the Tome of Calling and the Traveller
 61742 | Elf:3    | Upgraded the game from 0.27-a0-1149-g4505690ab0 to
                  | 0.27-a0-1442-g87b6fcb595
 61987 | Spider:4 | Entered Level 4 of the Spider Nest
 62621 | Spider:4 | Noticed Agnes
 62672 | Spider:4 | Killed Agnes
 62898 | Spider:4 | Reached XP level 20. HP: 164/180 MP: 33/35
 63056 | Spider:4 | Reached skill level 15 in Stealth
 63459 | Spider:4 | Got a gossamer rune of Zot
 63630 | Shoals:1 | Entered Level 1 of the Shoals
 63691 | Shoals:1 | Reached skill level 16 in Fighting
 63725 | Lair:2   | Bought an ichor-stained cloak for 256 gold pieces
 63725 | Lair:2   | Identified the +1 cloak of Kleptomania {Will+} (You bought
                  | it in a shop on level 2 of the Lair of Beasts)
 63810 | Shoals:1 | Found a glowing silver altar of Zin.
 64036 | Shoals:1 | Identified the +12 hunting sling of the Sea {flame, Will-
                  | Int+7}
 64298 | Shoals:1 | Found Wemavu Itse's Armour Shop.
 64931 | Shoals:2 | Reached skill level 15 in Short Blades
 65315 | Shoals:2 | Noticed Aizul
 65322 | Shoals:2 | Killed Aizul
 66505 | Shoals:3 | Found a glowing golden altar of the Shining One.
 67109 | Shoals:4 | Entered Level 4 of the Shoals
 67661 | Shoals:4 | Noticed Ilsuiw
 67691 | Shoals:4 | Killed Ilsuiw
 68251 | Shoals:4 | Found Zavy's Antique Armour Boutique.
 68540 | Shoals:4 | Identified the +8 battleaxe of Pestilence {vorpal, rF+}
 69069 | Shoals:4 | Reached XP level 21. HP: 178/189 MP: 30/36
 69121 | Shoals:4 | Got a barnacled rune of Zot
 69496 | Vaults:1 | Entered Level 1 of the Vaults
 70811 | Vaults:1 | Reached skill level 17 in Fighting
 70811 | Vaults:1 | Reached skill level 15 in Throwing
 70811 | Vaults:1 | Reached skill level 15 in Dodging
 70811 | Vaults:1 | Upgraded the game from 0.27-a0-1442-g87b6fcb595 to
                  | 0.28-a0-863-g8cecda6153
 71601 | Vaults:2 | Quit the game

Illustrated notes

Levels and vault maps discovered:
D:1:      shiori_shiawase, layout_basic, minmay_tromino_v7
D:2:      layout_loops_ring
D:3:      layout_basic, kennysheep_minor_cross
D:4:      layout_gridville, gammafunk_temple_overflow_elements
D:5:      layout_basic, grunt_temple_overflow_open, enter_ossuary_3,
          basic_altar, minmay_misc_feat_plants
D:6:      layout_basic, basic_altar, st_stairs_10, kennysheep_cluttered_room
D:7:      layout_rooms, minmay_temple_entry_crystal_x, uniq_duvessa,
          uniq_prince_ribbit1
D:8:      layout_gridville, serial_glass, glass_columns_b, glass_columns_a
D:9:      layout_stronghold, uniq_grum
D:10:     layout_rooms, david_lair_generic, david_orc_4,
          lightli_elemental_guards, uniq_harold
D:11:     layout_cave_pools
D:12:     layout_stronghold, serial_bayou, serial_bayou_lake_a,
          serial_bayou_pond_d, serial_bayou_pond_d, serial_bayou_shore_b
D:13:     minmay_textured_paths, layout_irregular_city, gauntlet_entry_generic,
          uniq_maurice, uniq_kirke
D:14:     minmay_the_grid_triangle_9x9_recursive_3
          [minmay_the_grid_triangle_9x9_minimal,
          minmay_the_grid_triangle_9x9_tough_junction,
          minmay_the_grid_triangle_9x9_odd_lines,
          minmay_the_grid_triangle_9x9_prize_special,
          minmay_the_grid_triangle_9x9_windchime,
          minmay_the_grid_triangle_9x9_shrine,
          minmay_the_grid_triangle_9x9_checkered,
          minmay_the_grid_triangle_9x9_sparse_checkered,
          minmay_the_grid_triangle_9x9_dagger], layout_rooms,
          lightli_vaults_fourway_checkpoint, minmay_fountain_box
D:15:     grunt_enter_depths_magical_seal, layout_rooms,
          gammafunk_ghost_mausoleum, serial_shops, shop,
          minmay_misc_feat_four_crosses
Temple:   eino_temple_lava
Lair:1:   layout_small_grid, grunt_megastairs_4, infiniplex_staircase_pool,
          minmay_lair_oklob_chamber
Lair:2:   layout_loops_ring, minmay_shoals_entry_lonely_mermaid,
          spider_nest_entry_web_field, kennysheep_snail_temple, uniq_maggie
Lair:3:   layout_chaotic_city, hangedman_lair_generics_rect
Lair:4:   layout_roguey, dpeg_oklob_1, lemuel_fruit_tree
Lair:5:   gammafunk_cloud_chamber, layout_concentric_octagons
Lair:6:   hangedman_lair_in_review, layout_concentric_octagons, slime_dummy,
          grunt_forest_stairs_basic
Shoals:1: cheibrodos_shoals_gigantism, layout_shoals, serial_shops,
          nicolae_shop_waterfront, lemuel_altar_in_water
Shoals:2: layout_shoals, hangedman_shoals_cup_caves, uniq_aizul
Shoals:3: layout_shoals, lemuel_oklob_altar
Shoals:4: shoals_end_simple, layout_shoals, shoal_ilsuiw, serial_shops, shop
Spider:1: layout_spider_delve
Spider:2: layout_chambers, nicolae_spider_circle_web,
          einodemon_crawler_minivault, uniq_nikola, uniq_arachne, uniq_azrael
Spider:3: layout_spider_delve, hangedman_stitches_earthworm
Spider:4: guppyfry_spider_rune, hangedman_spider_tarantella_strand,
          nicolae_spider_cling_ruins, uniq_agnes
Orc:1:    gammafunk_beogh_shrine, layout_caves, uniq_sonja, uniq_erica
Orc:2:    st_orc_pillars, layout_diamond_mine, serial_shops, shop,
          nicolae_shop_window_shopping, shop, shop_statue, elf_legates,
          uniq_donald, uniq_jorgrun
Elf:1:    elf_arrival_002, layout_gridlike, minmay_elf_necromancy
Elf:2:    layout_gridlike, st_stairs_8, feat_on_display, uniq_louise
Elf:3:    grunt_elf_hall_asides, layout_loops_corners, mu_enter_wizlab_4,
          serial_shops, nicolae_shop_crystal
Vaults:1: grunt_vaults_focal, v_rooms_3, vaults_mumra_lcd, v_misc_3,
          hangedman_vaults_nails, nicolae_vaults_mini_display_case,
          vaults_mumra_chevron_long, vaults_room_fours, vaults_room_hallway,
          vaults_dpeg_encased_lava, layout_vaults_omnigrid
Vaults:2: vaults_room_semicircle, nicolae_vaults_diagonal_hallway_8,
          st_diamondy, ontoclasm_vaults_shuriken, v_misc_16,
          hangedman_vaults_river_flow, v_alt_pattern_2, vaults_dpeg_ring,
          vaults_room_fours, v_misc_31, nicolae_vaults_back_hallway,
          hangedman_vaults_slice, vaults_dpeg_spiral, grunt_vaults_diagonal,
          vaults_mumra_hex, layout_vaults_omnibox

Skill      XL: |  1  2  3  4  5  6  7  8  9 10 11 12 13 14 15 16 17 18 19 20 21 |
---------------+----------------------------------------------------------------+-----
Dodging        | 1 2 3 4 5 6 7 9 10 11 12 13 14 15 | 15.1
Throwing       | 2 3 4 5 6 7 8 9 11 12 13 14 15 | 15.2
Stealth        | 4 5 6 7 8 9 10 11 12 13 14 15 16 | 16.7
Fighting       | 3 4 5 6 7 8 9 10 11 12 13 14 15 16 17 | 17.8
Short Blades   | 3 4 5 6 7 8 10 11 12 13 14 15 16 | 16.4
Shields        | 2 4 |  4.3
Spellcasting   | 4 9 10 11 | 11.3
Hexes          | 4 9 10 11 | 11.4

Action                   |  1- 3 |  4- 6 |  7- 9 | 10-12 | 13-15 | 16-18 | 19-21 || total
-------------------------+-------+-------+-------+-------+-------+-------+-------++-------
Melee: Dagger            |   101 |    89 |       |       |  1653 |  2905 |  2588 ||  7336
       Tailslap          |    18 |    28 |    74 |   184 |   464 |   691 |   759 ||  2218
       Short sword       |       |   130 |   397 |   947 |   403 |       |       ||  1877
Throw: Throwing net      |       |       |       |     1 |       |       |       ||     1
       Dart              |       |       |       |       |     5 |    19 |     7 ||    31
 Cast: Invisibility      |       |       |       |       |       |    17 |    30 ||    47
       Silence           |       |       |       |       |       |     2 |    12 ||    14
Invok: Call Merchant     |       |       |     1 |     1 |     2 |     3 |     2 ||     9
       Potion Petition   |       |       |       |       |     2 |     3 |     2 ||     7
 Abil: Breathe Fire      |       |       |    10 |    17 |    36 |    29 |    27 ||   119
Evoke: Wand              |       |       |    21 |     8 |     2 |    12 |     1 ||    44
  Use: Scroll            |       |     6 |    15 |     2 |     8 |     8 |     9 ||    48
       Potion            |       |       |     3 |     4 |     2 |    15 |     6 ||    30
 Stab: Sleeping          |     6 |     8 |    13 |    13 |    36 |    71 |    56 ||   203
       Distracted        |       |     1 |     3 |     6 |    11 |    30 |    17 ||    68
       Held in net/web   |       |       |       |     1 |     1 |       |       ||     2
       Petrified         |       |       |       |       |     1 |     1 |       ||     2
       Paralysed         |       |       |       |       |       |     2 |       ||     2
       Invisible         |       |       |       |       |       |    67 |   154 ||   221
Armor: Skin              |    26 |    59 |   102 |   182 |   249 |   399 |   388 ||  1405
Dodge: Dodged            |    49 |   119 |   248 |   664 |   915 |  1218 |  1260 ||  4473
Block: Buckler           |       |       |       |    67 |   471 |  1046 |  1043 ||  2627
       Reflection        |       |       |       |       |     1 |    36 |    55 ||    92

Table legend: (Time is in decaauts)
 A = Elapsed time spent in this place.
 B = Non-inter-level travel time spent in this place.
 C = Inter-level travel time spent in this place.
 D = Time resting spent in this place.
 E = Time spent auto-exploring this place.
 F = Levels seen in this place.
 G = Mean time per level.
                   A        B        C        D        E       F      G
               +--------+--------+--------+--------+--------+-----+--------+
         Total |  68197 |  65218 |   2979 |  22221 |  27693 |  39 | 1748.6 |
       Dungeon |  29653 |  28600 |   1053 |  11620 |  12084 |  15 | 1976.9 |
        Temple |    528 |    521 |      7 |    500 |      0 |   1 |  528.0 |
          Lair |  10147 |   9609 |    538 |   2650 |   5576 |   6 | 1691.2 |
        Shoals |   5571 |   5278 |    293 |    722 |   2362 |   4 | 1392.8 |
   Spider Nest |   5735 |   5439 |    296 |    957 |   2836 |   4 | 1433.8 |
  Orcish Mines |   6868 |   6440 |    428 |   3407 |   1626 |   2 | 3434.0 |
   Elven Halls |   5509 |   5197 |    312 |   1453 |   1849 |   3 | 1836.3 |
        Vaults |   1889 |   1839 |     50 |    223 |   1106 |   2 |  944.5 |
       Ossuary |    560 |    560 |      0 |    185 |    253 |   1 |  560.0 |
        Wizlab |   1733 |   1733 |      0 |    502 |      0 |   1 | 1733.0 |
               +--------+--------+--------+--------+--------+-----+--------+

Top non-repeatable levels by time:
    D:14: 4917 daAuts
    D:13: 3860 daAuts
   Orc:1: 3772 daAuts
    D:12: 3583 daAuts
     D:9: 3556 daAuts
   Orc:2: 3095 daAuts
    D:11: 2852 daAuts
  Lair:6: 2729 daAuts
   Elf:3: 2443 daAuts
Spider:2: 2199 daAuts
    D:10: 2007 daAuts
  Lair:3: 1795 daAuts
  WizLab: 1733 daAuts
  Lair:2: 1732 daAuts
  Lair:1: 1683 daAuts
